 Dungeon Crawl Stone Soup version 0.19-a0-330-g034cfd4 (webtiles) character file.

393 Ijustatesigmund the Chopper (level 6, -7/58 HPs)
             Began as a Hill Orc Fighter on May 28, 2016.
             Mangled by Sigmund
             ... wielding a +0 scythe
              (10 damage)
             ... on level 3 of the Dungeon.
             The game lasted 00:04:54 (2200 turns).

Ijustatesigmund the Chopper (Hill Orc Fighter)      Turns: 2200, Time: 00:04:55

Health: -7/58      AC: 11    Str: 24    XL:     6   Next: 81%
Magic:  6/6        EV:  8    Int:  8    God:
Gold:   110        SH:  9    Dex: 12    Spells: 0 memorised, 5 levels left

rFire  . . .     SeeInvis .     a - +1 war axe
rCold  + . .     Gourm    .     k - +2 ring mail {rC+}
rNeg   . . .     Faith    .     c - +0 shield
rPois  .         Spirit   .     (no helmet)
rElec  .         Dismiss  .     o - +0 cloak
rCorr  .         Reflect  .     (no gloves)
SustAt .         Harm     .     q - +1 pair of boots
MR     .....                    (no amulet)
Stlth  +.........               (no ring)
                                (no ring)

@: mighty, not resistant to hostile enchantments, very unstealthy
A: no striking features
a: no special abilities


You were on level 3 of the Dungeon.
You were hungry.

You visited 1 branch of the dungeon, and saw 3 of its levels.

You collected 110 gold pieces.

Inventory:

Hand Weapons
 a - a +1 war axe (weapon)
Missiles
 h - 5 javelins (quivered)
Armour
 c - a +0 shield (worn)
 k - a +2 ring mail of cold resistance (worn)
 o - a +0 cloak (worn)
 q - a +1 pair of boots (worn)
Scrolls
 l - 4 scrolls of identify
Potions
 g - 2 potions of cure mutation
 m - a potion of flight
 n - a potion of ambrosia {unknown}
 p - a potion of brilliance {unknown}
Comestibles
 b - a royal jelly
 f - 2 bread rations
 i - a meat ration
 j - 2 fruits


   Skills:
 + Level 6.6 Fighting
 + Level 6.7 Axes
 + Level 3.4 Armour
 + Level 3.5 Shields


You had 5 spell levels left.
You didn't know any spells.

Dungeon Overview and Level Annotations

Branches:
Dungeon (3/15)

Altars:
Fedhas
Ru
Vehumet

Annotations:
D:3 Sigmund


Message History

Drink which item? (? for menu, Esc to quit)
You feel better. Something hits you. The orc priest barely misses you.
You block the orc's attack.
Drink which item? (? for menu, Esc to quit)
You feel very mighty all of a sudden. The orc barely misses you.
The orc priest invokes the aid of Beogh against you.
Pain shoots through your body!
* * * LOW HITPOINT WARNING * * *
You block something's attack.
You slash the orc priest!
You kill the orc priest!
You hit the orc.
The orc is moderately wounded.
You block the orc's attack. Something hits you!
* * * LOW HITPOINT WARNING * * *
You slice the orc!!
You kill the orc!
Something hits you!
You die...

.......................
........................
.....)..................
........................
........................
.......##...............
..............()).......
........#......().......
................@{......
......................).
........................
.#######.............#..
'#######.............# .
........#............#
........#.........#.##
........ .........#..
........


There were no monsters in sight!

Vanquished Creatures
  Grinder (D:3)
  An orc priest (D:3)
  An orc wizard (D:3)
  4 adders
  3 gnolls (D:2)
  A worm (D:3)
  3 dart slugs
  5 orcs (D:3)
  2 ball pythons (D:1)
  8 bats
  3 giant cockroaches
  8 goblins
  3 hobgoblins
  A quokka (D:2)
  3 giant newts
  10 kobolds
  9 rats
66 creatures vanquished.

Notes
Turn   | Place    | Note
--------------------------------------------------------------
     0 | D:1      | Ijustatesigmund the Hill Orc Fighter began the quest for the Orb.
     0 | D:1      | Reached XP level 1. HP: 19/19 MP: 1/1
   164 | D:1      | Reached XP level 2. HP: 27/27 MP: 2/2
   551 | D:1      | Reached XP level 3. HP: 31/33 MP: 3/3
   884 | D:2      | Reached XP level 4. HP: 41/41 MP: 4/4
   902 | D:2      | Reached skill level 5 in Fighting
  1272 | D:2      | Found a sacrificial altar of Ru.
  1272 | D:2      | Found a radiant altar of Vehumet.
  1652 | D:3      | Reached skill level 5 in Axes
  1661 | D:3      | Reached XP level 5. HP: 45/48 MP: 5/5
  1681 | D:3      | Noticed Grinder
  1711 | D:3      | Killed Grinder
  1711 | D:3      | Reached XP level 6. HP: 22/58 MP: 6/6
  1992 | D:3      | Found a blossoming altar of Fedhas.
  2188 | D:3      | Noticed Sigmund
  2198 | D:3      | HP: 2/58 [something (12)]
  2200 | D:3      | Mangled by Sigmund

Vault maps used:
D:1:      minmay_arrival_three_doors
D:2:      gammafunk_temple_overflow_statue
D:3:      first_bread, fedhas_altar_2, uniq_sigmund, uniq_grinder

Skill      XL: |  1  2  3  4  5 |
---------------+----------------+-----
Axes           | 3 4 5 6 |  6.7
Fighting       | 4 5 6 |  6.6
Armour         | |  3.4
Shields        | |  3.5

Action                   |  1- 3 |  4- 6 || total
-------------------------+-------+-------++-------
Melee: War axe           |    82 |    96 ||   178
Throw: Javelin           |       |     1 ||     1
  Use: Scroll            |       |    12 ||    12
       Potion            |       |     2 ||     2
  Eat: Chunk             |       |     3 ||     3
       Fruit             |       |     1 ||     1
Armor: Scale mail        |    40 |    40 ||    80
       Ring mail         |       |     6 ||     6
Dodge: Dodged            |    24 |    38 ||    62
Block: Shield            |    45 |    40 ||    85
